 Dungeon Crawl Stone Soup version 0.18-a0-1745-gffa9a88 (webtiles) character file.

657 4thArraOfDagon the Ruffian (level 7, -5/61 HPs)
             Began as a Black Draconian Chaos Knight on Apr 11, 2016.
             Shot with a sling bullet by Joseph (17 damage)
             ... on level 7 of the Dungeon.
             The game lasted 00:07:01 (1454 turns).

4thArraOfDagon the Ruffian (DrCK)                   Turns: 1454, Time: 00:07:02

Health: -5/61      AC:  6    Str: 15    XL:     7   Next: 29%
Magic:  7/7        EV: 19    Int: 14    God:    Xom [....*.]
Gold:   119        SH:  0    Dex: 15    Spells: 0 memorised, 6 levels left

rFire  . . .     SeeInvis .       - Unarmed
rCold  . . .     Gourm    .     (armour unavailable)
rNeg   . . .     Faith    .     (no shield)
rPois  .         Spirit   .     (helmet restricted)
rElec  +         Dismiss  .     (no cloak)
rCorr  .         Reflect  .     (no gloves)
SustAt .         Harm     .     (no boots)
MR     .....                    (no amulet)
Stlth  ++........               (no ring)
                                f - ring of wizardry

@: agile, short of breath, not resistant to hostile enchantments, unstealthy
A: breathe lightning, unfitting armour, electricity resistance, cold-blooded, AC
+6
a: Breathe Lightning, Renounce Religion


You were on level 7 of the Dungeon.
You worshipped Xom.
You were a beloved toy of Xom.
You were hungry.

You visited 1 branch of the dungeon, and saw 7 of its levels.

You collected 119 gold pieces.

Inventory:

Jewellery
 f - a ring of wizardry (left hand)
Wands
 b - a wand of lightning (8/15)
 c - a wand of confusion (31/48)
 e - a wand of acid (0/15)
Scrolls
 j - a scroll of fear {unknown}
Potions
 d - 2 potions of flight
 g - a potion of might
Comestibles
 a - 3 bread rations
 i - a meat ration


   Skills:
 + Level 5.3 Fighting
 + Level 4.1 Dodging
 * Level 6.5 Unarmed Combat


You had 6 spell levels left.
You didn't know any spells.

Dungeon Overview and Level Annotations

Branches:
Dungeon (7/15)
 Temple: D:4-7

Altars:
Ashenzari
Nemelex Xobeh
Pakellas
Sif Muna

Annotations:
D:7 Joseph


Innate Abilities, Weirdness & Mutations

You can breathe wild blasts of lightning.
Your glossy black scales are hard (AC +6).
Your body does not fit into most forms of armour.
You are resistant to electric shocks.
You are cold-blooded and may be slowed by cold attacks.


Message History

You barely miss the giant cockroach.
The giant cockroach is severely wounded.
The giant cockroach bites you but does no damage.
Joseph, a Mercenary comes into view.
He is wielding a quarterstaff.
Unknown command.
Drink which item? (? for menu, Esc to quit)
It was a potion of agility.
You feel agile all of a sudden.
Xom thinks this is hilarious!
The giant cockroach barely misses you.
Unknown command.
Joseph says, "You will never get the ORB, sorry."
The giant cockroach closely misses you.
Unknown command.
Unknown command.
Joseph unwields an uncursed quarterstaff.
Joseph wields a hunting sling.
Joseph shoots a sling bullet.
The sling bullet hits you!
You die...
Xom cackles wildly!

# #. #.# #.#. #.# # #
#.#.###.## # #o#........
# #.......#.# ##### #
#.......#@# ##.>.## #
..?.....s.######.....# #
#....o.#.............####
#.......@#######.........
#.#.###..# ##...##### .
#. #..# ##### # #.## ..
###


You could see Joseph, an orc warrior, an orc and a giant cockroach.

Vanquished Creatures
  Menkaure (D:7)
  An ogre (D:5)
  A giant frog (D:6)
  A crimson imp (D:6)
  2 orc wizards (D:3)
  A centaur skeleton (D:5)
  2 iguanas
  3 worker ants
  A hound skeleton (D:5)
  2 adders
  A shadow imp (D:5)
  A worm (D:2)
  A giant gecko (D:1)
  8 orcs
  A ball python (D:2)
  3 bats (D:1)
  2 giant cockroaches
  7 goblins
  5 hobgoblins
  A quokka (D:3)
  2 giant newts
  9 kobolds
56 creatures vanquished.

Vanquished Creatures (collateral kills)
  An orc wizard (D:4)
  A worker ant (D:4)
  Robin (D:4)
  2 orcs (D:4)
  4 goblins (D:4)
  2 hobgoblins (D:4)
11 creatures vanquished.

Grand Total: 67 creatures vanquished

Notes
Turn   | Place    | Note
--------------------------------------------------------------
     0 | D:1      | 4thArraOfDagon the Draconian Chaos Knight began the quest for the Orb.
     0 | D:1      | Reached XP level 1. HP: 19/19 MP: 1/1
   109 | D:1      | Reached XP level 2. HP: 8/26 MP: 2/2
   122 | D:1      | XOM: potion effect (agility)
   124 | D:1      | XOM: potion effect (heal wounds)
   178 | D:2      | XOM: divination: detect items
   223 | D:1      | XOM: silly message
   330 | D:3      | Found an oddly glowing altar of Pakellas.
   351 | D:3      | Reached XP level 3. HP: 23/31 MP: 3/3
   420 | D:3      | XOM: divination: detect creatures
   424 | D:3      | Reached skill level 4 in Unarmed Combat
   424 | D:3      | Reached XP level 4. HP: 34/40 MP: 4/4
   432 | D:3      | XOM: potion effect (invisibility)
   474 | D:3      | XOM: harmless Summ miscast
   576 | D:4      | Reached XP level 5. HP: 28/46 MP: 5/5
   634 | D:4      | Noticed Robin
   643 | D:4      | Killed Robin
   681 | D:5      | XOM: noise
   681 | D:5      | Entered Level 5 of the Dungeon
   716 | D:5      | Found a sparkling altar of Nemelex Xobeh.
   721 | D:5      | XOM: enchant monster (good)
   723 | D:5      | Found a shattered altar of Ashenzari.
   726 | D:5      | Reached skill level 5 in Unarmed Combat
   727 | D:5      | Found a deep blue altar of Sif Muna.
   730 | D:5      | Found an oddly glowing altar of Pakellas.
   771 | D:5      | Noticed an ogre
   777 | D:5      | XOM: enchant monster (good)
   792 | D:5      | Killed an ogre
   792 | D:5      | Reached XP level 6. HP: 41/53 MP: 6/6
   808 | D:5      | XOM: polymorph adder -> iguana
   878 | D:5      | XOM: summons 6 friendly demons
   978 | D:6      | XOM: harmless Pois miscast
  1075 | D:6      | Reached skill level 5 in Fighting
  1102 | D:6      | Reached skill level 6 in Unarmed Combat
  1303 | D:6      | Your scales start taking on a glossy black colour.
  1303 | D:6      | Reached XP level 7. HP: 36/61 MP: 7/7
  1303 | D:6      | Gained mutation: You are resistant to electric shocks. [Black Draconian growth]
  1437 | D:7      | Noticed Menkaure
  1444 | D:7      | Killed Menkaure
  1452 | D:7      | Noticed Joseph
  1454 | D:7      | Shot with a sling bullet by Joseph

Vault maps used:
D:1:      onia_arrival_pentagram
D:2:      uniq_crazy_yiuf_cottage
D:3:      grunt_pakellas_basics, uniq_grinder
D:4:      fedhas_altar_4, enter_ossuary_2, kennysheep_generic_room_7, uniq_robin
D:5:      minitemple, temple_fountains, serial_shops, shop, first_bread,
          led_sif_book
D:6:      minmay_goblin_kobold_castle
D:7:      grunt_temple_overflow_gold_and_silver, serial_shops, shop,
          minmay_nine_imps, uniq_menkaure, uniq_joseph

Skill      XL: |  1  2  3  4  5  6  7 |
---------------+----------------------+-----
Unarmed Combat | 4 5 6 |  6.5
Fighting       | 4 5 |  5.3
Dodging        | 3 4 |  4.1

Action                   |  1- 3 |  4- 6 |  7- 9 || total
-------------------------+-------+-------+-------++-------
Melee: Unarmed           |   104 |   119 |    11 ||   234
 Abil: Breathe Lightning |       |       |     2 ||     2
Evoke: Wand              |       |     1 |       ||     1
  Use: Potion            |     3 |       |     1 ||     4
       Scroll            |       |     6 |       ||     6
 Stab: Sleeping          |     2 |       |       ||     2
       Invisible         |       |     2 |       ||     2
       Paralysed         |       |     3 |       ||     3
  Eat: Chunk             |       |     2 |       ||     2
